 Dungeon Crawl Stone Soup version 0.30-a0-860-g512cf1e979 (webtiles) character file.

Game seed: 7593506219242635293

8628 scionoferis the Thaumaturge (level 11, -7/85 HPs)
             Began as a Mummy Venom Mage on Mar 7, 2023.
             Was a Believer of Sif Muna.
             Mangled by a komodo dragon (29 damage)
             ... on level 10 of the Dungeon.
             The game lasted 00:37:00 (10468 turns).

scionoferis the Thaumaturge (Mummy Venom Mage)     Turns: 10468, Time: 00:37:01

Health: -7/85      AC:  6    Str: 12    XL:     11   Next: 12%
Magic:  13/23      EV: 12    Int: 25    God:    Sif Muna [**....]
Gold:   579        SH:  0    Dex: 12    Spells: 20/26 levels left

rFire   x . .      SeeInvis .    a - +7 Throatcutter {drain, coup de grace}
rCold   + . .      Faith    +    (no shield)
rNeg    + + +      Spirit   .    l - +0 steam dragon scales
rPois   ∞          Reflect  .    (no helmet)
rElec   .          Rampage  .    z - scarf {repulsion}
rCorr   .                        (no gloves)
Will    +....                    k - +0 pair of boots
Stlth   +++                      F - amulet of the acrobat
HPRegen 0.34/turn                m - +4 ring of slaying
MPRegen 0.18/turn                B - +6 ring of intelligence

@: very slightly contaminated, repel missiles
A: cold resistance 1, negative energy resistance 3, torment resistance 2, heat
vulnerability 1, in touch with death 1, no potions, faith
a: Renounce Religion, Channel Magic


You were on level 10 of the Dungeon.
You worshipped Sif Muna.
Sif Muna was pleased with you.
You visited 2 branches of the dungeon, and saw 11 of its levels.

You collected 723 gold pieces.
You spent 144 gold pieces at shops.


Innate Abilities, Weirdness & Mutations

You are immune to poison.
Your flesh is cold resistant. (rC+)
You are immune to negative energy. (rN+++)
You are immune to unholy pain and torment.
You are vulnerable to heat. (rF-)
You are in touch with the powers of death.
You do not drink.
You have a special connection with the divine. (Faith)


   Skills:
 + Level 7.7 Fighting
 + Level 5.7 Long Blades
 - Level 1.5 Dodging
 - Level 5.0 Stealth
 - Level 8.0 Spellcasting
 - Level 5.0 Conjurations
 - Level 3.0 Transmutations
 - Level 3.0 Air Magic
 - Level 4.0 Poison Magic
 + Level 6.0 Invocations


You had 20 spell levels left.
You knew the following spells:

 Your Spells              Type           Power      Damage    Failure   Level
a - Sting                 Tmut/Pois      100%       1d8       1%          1
b - Poisonous Vapours     Pois/Air       54%        N/A       2%          2
c - Mephitic Cloud        Conj/Pois/Air  30%        N/A       3%          3

Your spell library contained the following spells:

 Spells                   Type           Power      Damage    Failure   Level
 Kiss of Death            Conj/Necr      100%       2d13      2%          1
 Passwall                 Tmut/Erth      14%        N/A       4%          2
 Swiftness                Air            25%        N/A       5%          3
 Apportation              Tloc           20%        N/A       6%          1
 Necrotise                Necr           60%        1d7       6%          1
 Summon Small Mammal      Summ           40%        N/A       6%          1
 Ensorcelled Hibernation  Hex/Ice        20%        N/A       9%          2
 Olgreb's Toxic Radiance  Pois           30%        N/A       12%         4
 Confusing Touch          Hex            10%        N/A       19%         3
 Inner Flame              Hex/Fire       10%        N/A       19%         3
 Tukima's Dance           Hex            10%        N/A       19%         3
 Cause Fear               Hex            5%         N/A       52%         4
 Dispel Undead            Necr           15%        3d10      52%         4
 Passage of Golubria      Tloc           10%        N/A       52%         4
 Yara's Violent Unravell  Hex/Tmut       8%         3d5       65%         5
 Conjure Ball Lightning   Conj/Air       15%        3x3d6     87%         6
 Discord                  Hex            5%         N/A       100%        8
 Disjunction              Tloc           5%         N/A       100%        8

Inventory:

Hand Weapons
 a - the +7 Throatcutter (weapon) {drain, coup de grace}
   (You found it on level 2 of the Dungeon)
 b - a +1 shortbow of electrocution
   (You took it off a centaur on level 8 of the Dungeon)
Missiles
 c - 22 poisoned darts
 j - 103 stones
Armour
 k - a +0 pair of boots (worn)
   (You found it on level 2 of the Dungeon)
 l - +0 steam dragon scales (worn)
   (You found it on level 6 of the Dungeon)
 z - a scarf of repulsion (worn)
   (You found it on level 4 of the Dungeon)
 C - +0 swamp dragon scales
   (You took it off a tengu on level 8 of the Dungeon)
Magical Staves
 e - a staff of poison
   (You found it on level 5 of the Dungeon)
Jewellery
 m - a +4 ring of slaying (left hand)
   (You found it on level 2 of the Dungeon)
 u - a ring of protection from cold
   (You found it on level 4 of the Dungeon)
 v - a ring of flight
   (You found it on level 4 of the Dungeon)
 B - a +6 ring of intelligence (right hand)
   (You found it on level 7 of the Dungeon)
 D - the ring of Eternity {rC+ SInv}
   (You found it on level 8 of the Dungeon)

   [ring of protection from cold]

   rC:        It protects you from cold.
   SInv:      It lets you see invisible.
 E - an amulet of reflection
   (You found it on level 10 of the Dungeon)
 F - an amulet of the acrobat (around neck)
   (You found it on level 10 of the Dungeon)
Wands
 h - a wand of polymorph (4)
   (You found it on level 8 of the Dungeon)
 A - a wand of charming (5)
   (You found it on level 5 of the Dungeon)
Scrolls
 d - 2 scrolls of fog
 f - 5 scrolls of teleportation
 g - 2 scrolls of butterflies {unknown}
 i - a scroll of fear
 n - 2 scrolls of enchant weapon {unknown}
 o - 2 scrolls of amnesia
 p - a scroll of acquirement
 q - 2 scrolls of blinking {unknown}
 r - 5 scrolls of vulnerability
 s - 5 scrolls of noise
 t - 2 scrolls of torment
 w - 2 scrolls of poison
 x - a scroll of magic mapping
 y - 2 scrolls of brand weapon
Miscellaneous
 G - a condenser vane
   (You found it on level 10 of the Dungeon)

Dungeon Overview and Level Annotations

Branches:
Dungeon (10/15)            Temple (1/1) D:6            Lair (0/5) D:10
    Orc: D:9-12

Altars:
Ashenzari
Cheibriados
Dithmenos
Fedhas
Gozag
Hepliaklqana
Kikubaaqudgha
Makhleb
Nemelex Xobeh
Okawaru
Qazlal
Ru
Sif Muna
Trog
Uskayaw
Vehumet
Wu Jian
Xom
Yredelemnul

Shops:
D:5 ?   D:7 !   D:10 [

Annotations:
D:9 2 transporters

#######.###.####
?..#...##..#..# ##
#..#.....#...####..
##......#......#.##
##.#..........†..###
+#.#....#...#........
#[..#####..#.####....
#§#### ##.### #.#.##
#☼☼l@# >## #.##..#
###### ## #### ####
#.# ##.# #..# ###.##
#...# #.### #.#


You could see a komodo dragon.


Message History

You kill the orc!
Sif Muna accepts your kill.
Something unseen opens the door.
Your Invocations skill increases to level 4!
No target in view!
c - 22 poisoned darts (gained 1) 2 wights come into view.
An orc priest comes into view. It is wielding a +0 mace.
The orc priest shouts!
An orc wizard comes into view. It is wielding a +0 dagger. x2
There is an open door here.
You barely miss the wight.
The orc wizard shouts! x2
The wight hits you with a +0 long sword.
An orc comes into view. It is wielding a +0 hand axe.
The orc wizard casts a spell.
The orc wizard flickers and vanishes!
Deactivating autopickup; reactivate with Ctrl-A.
The orc wizard casts a spell.
The orc wizard flickers and vanishes!
The orc shouts!
You slash the wight!
You behead the wight!
You destroy the wight!
Sif Muna accepts your kill. The wight barely misses you.
A wight comes into view. It is wielding a +0 dagger.
You slash the wight!
You behead the wight!
You destroy the wight!
Sif Muna accepts your kill.
Your Long Blades skill increases to level 4!
You closely miss the orc priest. The orc priest closely misses you.
You slash the orc priest! You drain the orc priest.
You behead the orc priest!
You kill the orc priest!
Sif Muna accepts your kill.
A magic dart appears from out of thin air!
The magic dart hits you!
Casting: Sting (safe; 1% risk of failure)
Confirm with . or Enter, or press ? or * to list all spells.
You can't see any susceptible monsters within range! (Use Z to cast anyway.)
Casting: Sting (safe; 1% risk of failure)
Confirm with . or Enter, or press ? or * to list all spells.
Aiming: Mephitic Cloud (dangerous; 3% risk of failure)
Press: ? - help, Shift-Dir - straight line The ball explodes into a vile cloud!
The stinking cloud engulfs something but does no damage. x2
You hear an angry buzzing noise.
A magic dart appears from out of thin air!
The magic dart hits something!
Items here: ))) [[ †.
You closely miss something. You slash something! Sif Muna accepts your kill.
Reactivating autopickup.
You feel a bit more experienced.
Your Fighting skill increases to level 6!
Deactivating autopickup; reactivate with Ctrl-A.
You hit something.
Something misses the wight.
You slash something! Sif Muna accepts your kill.
Reactivating autopickup.
You feel a bit more experienced.
You slash the wight!
The wight is severely damaged.
The wight closely misses you.
You hit the wight.
You behead the wight!
You destroy the wight!
Sif Muna accepts your kill.
You slash the orc!
You kill the orc!
Sif Muna accepts your kill.
Erolcha the Cunning comes into view.
She is wielding a +6 giant club.
Items here: ))) [[ †.
You slash the hornet!
The hornet is heavily wounded.
The hornet stings you. x2
Casting: Mephitic Cloud (dangerous; 3% risk of failure)
Confirm with . or Enter, or press ? or * to list all spells.
Aiming: Mephitic Cloud (dangerous; 3% risk of failure)
Press: ? - help, Shift-Dir - straight line You miscast Mephitic Cloud.
You are very lightly contaminated with residual magic.
Nothing appears to happen.
The hornet stings you! The hornet barely misses you.
Casting: Mephitic Cloud (dangerous; 3% risk of failure)
Confirm with . or Enter, or press ? or * to list all spells.
Aiming: Mephitic Cloud (dangerous; 3% risk of failure)
Press: ? - help, Shift-Dir - straight line, f - Erolcha
Aim: Erolcha, wielding a +6 giant club and wearing a +0 robe (chance to affect: 72%)
The ball explodes into a vile cloud!
The stinking cloud engulfs Erolcha but does no damage.
The hornet completely misses you.
Erolcha is engulfed in noxious fumes.
Erolcha appears confused.
You hit the hornet. You drain the hornet. Your punch misses the hornet.
The hornet is severely wounded.
The hornet stings you!
Erolcha is engulfed in noxious fumes.
Erolcha appears confused.
The hornet stings you!
You slash the hornet!
The hornet is almost dead.
The hornet stings you but does no damage.
Erolcha is engulfed in noxious fumes.
Erolcha appears confused.
The hornet completely misses you.
You closely miss the hornet.
The hornet is almost dead.
The hornet stings you!
* * * LOW HITPOINT WARNING * * *
You slash the hornet!
You kill the hornet!
Sif Muna accepts your kill.
Erolcha is engulfed in noxious fumes.
There is an open door here.
Your magical contamination has completely faded away.
You close the door.
You see here a +0 chain mail.
An orc comes into view. It is wielding a +0 club.
The orc shouts!
You see here a +0 ring mail.
There is a stone staircase leading up here.
Aiming: Sting (safe; 1% risk of failure)
Press: ? - help, Q - select action, (/) - cycle Shift-Dir - straight line, f - orc
Aim: an orc, wielding a +0 club (78% to hit)
The sting misses the orc.
Unknown command.
Aiming: Sting (safe; 1% risk of failure)
Press: ? - help, Q - select action, (/) - cycle Shift-Dir - straight line, f/p - orc
Aim: an orc, wielding a +0 club (78% to hit)
The sting hits the orc!
The orc is poisoned.
You kill the orc!
Sif Muna accepts your kill.
You climb upwards.
There is a stone staircase leading down here.
You start resting.
Magic restored.
You start resting.
HP restored.
You climb downwards.
Level annotation: 2 transporters, Erolcha
There is a stone staircase leading up here.
You now have 530 gold pieces (gained 15).
E - a scroll of identify
As you read the scroll of identify, it crumbles to dust.
x - a scroll of magic mapping
s - 5 scrolls of noise (gained 1)
Found a stone staircase leading down.
There is a stone staircase leading down here.
A sourceless malevolence fills the Dungeon...
With a horrendous wail, an alarm goes off!
A sentinel's mark forms upon you.
The orc priest shouts!
You hear a shout!
The orc wizard shouts!
You hear a shout!
The orc shouts! x3; You hear a shout! x8
There is a stone staircase leading up here.
You climb upwards.
There is a stone staircase leading down here.
You start waiting.
The sentinel's mark upon you fades away.
You climb downwards.
Level annotation: 2 transporters, Erolcha
There is a stone staircase leading up here.
The orc wizard shouts!
i - 2 scrolls of fear (gained 1)
You open the door.
There is an open door here.
Found a silvery potion.
Partly explored, unvisited transporter.
Partly explored, unvisited transporter.
There is an open door here.
Items here: )))) [[[[.
Items here: ))) [[.
There is an open door here.
There is an open door here.
Things that are here:
a +0 ring mail; a +0 flail
Things that are here:
a +0 giant spiked club; a +0 giant club
Things that are here:
a +0 leather armour; a +0 mace
There is an open door here.
Press: ? - help, v - describe, . - travel The floor.
Unknown command.
Casting: Sting (safe; 1% risk of failure)
Confirm with . or Enter, or press ? or * to list all spells.
Aiming: Mephitic Cloud (dangerous; 3% risk of failure)
Press: ? - help, Shift-Dir - straight line The ball explodes into a vile cloud!
The stinking cloud engulfs Erolcha but does no damage.
Erolcha shouts!
Erolcha is engulfed in noxious fumes.
Erolcha appears confused.
Erolcha is engulfed in noxious fumes.
Erolcha is engulfed in noxious fumes.
Erolcha looks very confused.
You catch the helpless Erolcha completely off-guard!
You hit Erolcha but do no damage. You drain Erolcha.
Erolcha is lightly wounded.
Erolcha hits you with a +6 giant club!!
You catch the helpless Erolcha completely off-guard!
You slash Erolcha! You drain Erolcha.
Erolcha is moderately wounded.
Erolcha hits you with a +6 giant club!!
You barely miss Erolcha.
Erolcha is moderately wounded.
You hit Erolcha. You drain Erolcha.
Erolcha is heavily wounded.
Erolcha completely misses you.
You slash Erolcha! You drain Erolcha.
Erolcha is almost dead.
Erolcha hits you with a +6 giant club!
* * * LOW HITPOINT WARNING * * *
You catch the helpless Erolcha completely off-guard!
You slash Erolcha!
You kill Erolcha!
Sif Muna accepts your kill.
Things that are here:
a +6 giant club; a +0 robe; the ogre corpse of Erolcha
Things that are here:
a +0 ring mail; a +0 club
There is a stone staircase leading up here.
Magic restored.
You climb upwards.
There is a stone staircase leading down here.
You start resting.
HP restored.
You climb downwards.
Level annotation: 2 transporters
There is a stone staircase leading up here.
Partly explored, unvisited transporter.
There is a stone staircase leading down here.
Unknown command.
You climb downwards.
Found a bubbling silvery potion.
Found an escape hatch in the ceiling.
There is a stone staircase leading up here.
You open the door.
There is an open door here.
Found a stone staircase leading down.
Found 2 fuming white potions.
You open the door.
There is an open door here.
r - 5 scrolls of vulnerability (gained 1)
There is an open door here.
Found 3 datura-tipped darts.
Found a club.
A centaur comes into view.
The centaur shouts!
The centaur wields a +0 shortbow.
The centaur shoots an arrow.
The arrow closely misses you.
The centaur shoots an arrow.
The arrow barely misses you.
The centaur shoots an arrow.
The arrow hits you.
The centaur shoots an arrow.
The arrow hits you.
The centaur shoots an arrow.
The arrow barely misses you.
The centaur unwields a +0 shortbow.
The centaur barely misses you. x2
You see here a +0 club.
You slash the centaur!
The centaur is moderately wounded.
The centaur closely misses you. The centaur misses you.
You slice the centaur!!
You kill the centaur!
Sif Muna accepts your kill.
No target in view!
HP restored.
You now have 533 gold pieces (gained 3).
You see here a +0 shortbow.
You open the door.
There is an open door here.
You open the door. 5 killer bees come into view.
The killer bee buzzes angrily. x3
Found a bubbling silvery potion and a triangular ruby amulet.
There is an open door here.
The killer bee barely misses you. x2; The killer bee stings you.
The killer bee closely misses you. x2
You barely miss the killer bee. The killer bee stings you!
The killer bee barely misses you. The killer bee stings you.
The killer bee barely misses you. x2; The killer bee stings you.
The killer bee buzzes angrily. x2
You slash the killer bee!
The killer bee is severely wounded.
The killer bee barely misses you. The killer bee stings you. x2
The killer bee barely misses you. The killer bee stings you.
The killer bee closely misses you. The killer bee stings you. x3
You barely miss the killer bee.
The killer bee is severely wounded.
The killer bee stings you. x3; The killer bee closely misses you.
The killer bee stings you. x2
The killer bee attacks as you move away!
The killer bee stings you. x2
The killer bee stings you but does no damage.
The killer bee completely misses you.
The killer bee stings you but does no damage.
There is an open door here.
Casting: Mephitic Cloud (dangerous; 3% risk of failure)
Confirm with . or Enter, or press ? or * to list all spells.
Aiming: Mephitic Cloud (dangerous; 3% risk of failure)
Press: ? - help, Shift-Dir - straight line, f - killer bee
Aim: a killer bee (chance to affect: 86%)
The ball explodes into a vile cloud!
The stinking cloud engulfs the killer bee but does no damage. x2
The killer bee is severely wounded.
The stinking cloud engulfs the killer bee but does no damage. x2
The stinking cloud engulfs you but does no damage.
The killer bee is engulfed in noxious fumes.
The killer bee appears confused.
The killer bee closely misses you.
The killer bee stings itself.
The killer bee is engulfed in noxious fumes.
The killer bee appears confused.
The killer bee stings you but does no damage. x2
The killer bee is engulfed in noxious fumes.
The killer bee appears confused.
The killer bee barely misses the killer bee.
The killer bee is engulfed in noxious fumes.
The killer bee appears confused.
The killer bee closely misses you. x2
The killer bee is engulfed in noxious fumes.
The killer bee appears confused.
The killer bee attacks as you move away!
The killer bee stings you.
* * * LOW HITPOINT WARNING * * *
The killer bee is engulfed in noxious fumes.
The killer bee appears confused.
The killer bee stings the killer bee!
The killer bee is poisoned.
The killer bee poisons the killer bee!
The killer bee closely misses itself.
The killer bee is engulfed in noxious fumes.
The killer bee appears confused.
The killer bee is engulfed in noxious fumes.
The killer bee appears confused.
The killer bee is engulfed in noxious fumes.
The killer bee completely misses the killer bee.
The killer bee stings you.
* * * LOW HITPOINT WARNING * * *
The killer bee stings the killer bee.
The killer bee stings itself.
You barely miss the killer bee.
The killer bee is severely wounded.
The killer bee is engulfed in noxious fumes.
The killer bee appears confused.
The killer bee is engulfed in noxious fumes.
The killer bee appears confused.
The killer bee barely misses you.
The killer bee is engulfed in noxious fumes.
The killer bee appears confused.
The killer bee is engulfed in noxious fumes.
The killer bee appears confused.
The killer bee stings you but does no damage.
The killer bee is engulfed in noxious fumes.
Casting: Mephitic Cloud (dangerous; 3% risk of failure)
Confirm with . or Enter, or press ? or * to list all spells.
Aiming: Mephitic Cloud (dangerous; 3% risk of failure)
Press: ? - help, Shift-Dir - straight line, f/p - killer bee
Aim: a killer bee (moderately wounded, confused, chance to affect: 86%)
The ball explodes into a vile cloud!
The stinking cloud engulfs the killer bee but does no damage.
The killer bee is severely wounded.
The stinking cloud engulfs the killer bee but does no damage.
The killer bee is lightly wounded.
The stinking cloud engulfs the killer bee but does no damage.
The killer bee is moderately wounded.
The stinking cloud engulfs you but does no damage.
The killer bee is engulfed in noxious fumes.
The killer bee appears confused.
The killer bee completely misses the killer bee.
The killer bee is engulfed in noxious fumes.
The killer bee appears confused.
The killer bee stings you but does no damage.
The killer bee stings itself!
The killer bee is killed!
Sif Muna accepts your kill.
The killer bee is engulfed in noxious fumes.
The killer bee appears confused.
The killer bee is engulfed in noxious fumes.
The killer bee appears confused.
The killer bee closely misses the killer bee.
The killer bee is engulfed in noxious fumes.
The killer bee appears confused.
The killer bee is engulfed in noxious fumes.
The killer bee appears confused.
The killer bee stings the killer bee.
You close the door.
You start resting.
Sif Muna accepts your kill.
You feel a bit more experienced.
You start resting.
Sif Muna accepts your kill.
You feel a bit more experienced.
You start resting.
You hear an angry buzzing noise.
Sif Muna accepts your kill.
You feel a bit more experienced.
You start resting.
Magic restored.
You start resting.
HP restored.
As you open the door, it creaks loudly!
The killer bee buzzes angrily.
Casting: Mephitic Cloud (dangerous; 3% risk of failure)
Confirm with . or Enter, or press ? or * to list all spells.
Aiming: Mephitic Cloud (dangerous; 3% risk of failure)
Press: ? - help, Shift-Dir - straight line The ball explodes into a vile cloud!
The stinking cloud engulfs the killer bee but does no damage.
The killer bee is engulfed in noxious fumes.
The killer bee appears confused.
Unknown command.
The killer bee is engulfed in noxious fumes.
The killer bee appears confused.
There is an open door here.
You slash the killer bee!
The killer bee is severely wounded.
The killer bee barely misses you.
The killer bee stings itself!
The killer bee is killed!
Sif Muna accepts your kill.
Your Invocations skill increases to level 5!
You start resting.
Magic restored.
You see here a bubbling silvery potion.
E - an amulet of reflection
There are no items here.
You start putting on your amulet.
You continue putting on your amulet of reflection. x5
You finish putting on your amulet of reflection.
You feel a shielding aura gather around you.
E - an amulet of reflection (around neck)
You open the door.
There is an open door here.
You open the door.
There is an open door here.
You now have 549 gold pieces (gained 16).
You open the door.
There is an open door here.
Found a stone staircase leading up.
A troll comes into view.
Casting: Mephitic Cloud (dangerous; 3% risk of failure)
Confirm with . or Enter, or press ? or * to list all spells.
Aiming: Mephitic Cloud (dangerous; 3% risk of failure)
Press: ? - help, Shift-Dir - straight line The ball explodes into a vile cloud!
The stinking cloud engulfs the troll but does no damage.
The troll is engulfed in noxious fumes.
Casting: Mephitic Cloud (dangerous; 3% risk of failure)
Confirm with . or Enter, or press ? or * to list all spells.
Aiming: Mephitic Cloud (dangerous; 3% risk of failure)
Press: ? - help, Shift-Dir - straight line The ball explodes into a vile cloud!
The stinking cloud engulfs the troll but does no damage.
The stinking cloud engulfs you but does no damage.
The troll is engulfed in noxious fumes.
The troll appears confused.
The troll howls, "My nostrils!"
You slice the troll!!
The troll is heavily wounded.
You block the troll's attack. The troll claws you. The troll barely misses you.
You slash the troll!
The troll is almost dead.
The troll bites you! The troll misses you. The troll closely misses you.
You catch the helpless troll completely off-guard!
You slash the troll!
You kill the troll!
Sif Muna accepts your kill.
HP restored.
Found a stone staircase leading up. 3 yaks come into view.
The yak bellows! x2
The yak bellows!
Casting: Mephitic Cloud (dangerous; 3% risk of failure)
Confirm with . or Enter, or press ? or * to list all spells.
Aiming: Mephitic Cloud (dangerous; 3% risk of failure)
Press: ? - help, Shift-Dir - straight line, f - yak
Aim: a yak (chance to affect: 67%)
The ball explodes into a vile cloud!
The stinking cloud engulfs the yak but does no damage.
The yak is engulfed in noxious fumes.
The yak appears confused.
The yak gores itself!
Aiming: Sting (safe; 1% risk of failure)
Press: ? - help, Q - select action, (/) - cycle Shift-Dir - straight line, f/p - yak
Aim: a yak (noxious fumes, moderately wounded, confused, 98% to hit)
The sting hits the yak.
The yak is poisoned.
The yak is moderately wounded.
The yak is engulfed in noxious fumes.
The yak appears confused.
The yak is engulfed in noxious fumes.
The yak gores the yak.
Aiming: Sting (safe; 1% risk of failure)
Press: ? - help, Q - select action, (/) - cycle Shift-Dir - straight line, f/p - yak
Aim: a yak (moderately wounded, confused, poisoned, 98% to hit)
The sting hits the yak but does no damage.
The yak looks even sicker.
The yak is moderately wounded.
The yak is engulfed in noxious fumes.
The yak gores the yak but does no damage.
You hit the yak.
The yak is heavily wounded.
The yak is engulfed in noxious fumes.
The yak gores the yak but does no damage.
You barely miss the yak.
The yak is heavily wounded.
The yak gores the yak! x2
You slash the yak!
You kill the yak!
Sif Muna accepts your kill.
Casting: Sting (safe; 1% risk of failure)
Confirm with . or Enter, or press ? or * to list all spells.
Aiming: Mephitic Cloud (dangerous; 3% risk of failure)
Press: ? - help, Shift-Dir - straight line, f - yak
Aim: a yak (heavily wounded, confused, chance to affect: 67%)
The ball explodes into a vile cloud!
The stinking cloud engulfs the yak but does no damage.
The yak is heavily wounded.
The stinking cloud engulfs the yak but does no damage.
The stinking cloud engulfs you but does no damage.
The yak seems less confused.
The yak is engulfed in noxious fumes.
The yak appears confused.
The yak gores the yak!
The yak is engulfed in noxious fumes.
The yak appears confused.
You slash the yak!
The yak is severely wounded.
The yak is engulfed in noxious fumes.
The yak appears confused.
The yak gores you!
The yak is engulfed in noxious fumes.
The yak appears confused.
You slash the yak!
You kill the yak!
Sif Muna accepts your kill.
Your Fighting skill increases to level 7!
Your Long Blades skill increases to level 5!
Aiming: Sting (safe; 1% risk of failure)
Press: ? - help, Q - select action, (/) - cycle Shift-Dir - straight line, f - yak
Aim: a yak (noxious fumes, lightly wounded, confused, 98% to hit)
The sting hits the yak.
The yak is poisoned.
The yak is moderately wounded.
The yak is engulfed in noxious fumes.
The yak appears confused.
Aiming: Sting (safe; 1% risk of failure)
Press: ? - help, Q - select action, (/) - cycle Shift-Dir - straight line, f/p - yak
Aim: a yak (moderately wounded, confused, poisoned, 98% to hit)
The sting hits the yak but does no damage.
The yak looks even sicker.
The yak is moderately wounded.
Aiming: Sting (safe; 1% risk of failure)
Press: ? - help, Q - select action, (/) - cycle Shift-Dir - straight line, f/p - yak
Aim: a yak (moderately wounded, confused, very poisoned, 98% to hit)
The sting hits the yak.
The yak looks even sicker.
The yak is moderately wounded.
Unknown command.
Aiming: Sting (safe; 1% risk of failure)
Press: ? - help, Q - select action, (/) - cycle Shift-Dir - straight line, f/p - yak
Aim: a yak (heavily wounded, confused, very poisoned, 98% to hit)
The sting hits the yak.
The yak looks as sick as possible!
The yak is severely wounded.
The yak gores itself!
You kill the yak!
Sif Muna accepts your kill.
You start resting.
HP restored.
You start resting.
Magic restored.
f - 5 scrolls of teleportation (gained 1)
There is a stone staircase leading up here.
As you open the door, it creaks loudly!
A killer bee comes into view.
The killer bee buzzes angrily.
The killer bee moves out of view. 2 killer bees come into view.
The killer bee buzzes angrily.
There is an open door here.
Aiming: Sting (safe; 1% risk of failure)
Press: ? - help, Q - select action, (/) - cycle Shift-Dir - straight line, f - killer bee
Aim: a killer bee (55% to hit)
The sting hits the killer bee.
The killer bee is poisoned.
The killer bee is lightly wounded.
The killer bee stings you.
Casting: Sting (safe; 1% risk of failure)
Confirm with . or Enter, or press ? or * to list all spells.
Aiming: Mephitic Cloud (dangerous; 3% risk of failure)
Press: ? - help, Shift-Dir - straight line, f/p - killer bee
Aim: a killer bee (lightly wounded, poisoned, chance to affect: 86%)
The ball explodes into a vile cloud!
The stinking cloud engulfs the killer bee but does no damage.
The killer bee is lightly wounded.
The stinking cloud engulfs you but does no damage.
The killer bee is engulfed in noxious fumes. x2
The killer bee appears confused.
The killer bee is engulfed in noxious fumes.
The killer bee appears confused.
You slash the killer bee! You drain the killer bee.
The killer bee is severely wounded.
The killer bee is engulfed in noxious fumes.
The killer bee appears confused.
The killer bee is engulfed in noxious fumes.
The killer bee appears confused.
The killer bee is engulfed in noxious fumes. x2
The killer bee stings you but does no damage.
The killer bee is engulfed in noxious fumes.
The killer bee appears confused.
The killer bee is engulfed in noxious fumes.
The killer bee appears confused.
The killer bee is engulfed in noxious fumes.
The killer bee appears confused.
The killer bee completely misses you.
The killer bee barely misses itself.
You strike the helpless killer bee from behind!
You slash the killer bee!
You kill the killer bee!
Sif Muna accepts your kill.
You barely miss the killer bee.
The killer bee is heavily wounded.
The killer bee closely misses you.
The killer bee stings itself.
The killer bee is killed!
Sif Muna accepts your kill.
Aiming: Sting (safe; 1% risk of failure)
Press: ? - help, Q - select action, (/) - cycle Shift-Dir - straight line, f - killer bee
Aim: a killer bee (confused, 81% to hit)
The sting hits the killer bee!
The killer bee is poisoned.
The killer bee is heavily wounded.
Unknown command.
Aiming: Sting (safe; 1% risk of failure)
Press: ? - help, Q - select action, (/) - cycle Shift-Dir - straight line, f/p - killer bee
Aim: a killer bee (severely wounded, confused, poisoned, 81% to hit)
The sting hits the killer bee.
The killer bee looks even sicker.
The killer bee is severely wounded.
Unknown command.
You kill the killer bee!
Sif Muna accepts your kill.
You open the door.
There is an open door here.
Found a quarterstaff.
You see here a +0 quarterstaff.
You open the door.
Found a stone staircase leading down.
There is an open door here.
There is an open door here.
Found an escape hatch in the floor.
You see here 2 fuming white potions.
There is an escape hatch in the floor here.
You see here a yak corpse.
You open the door.
A steam dragon and a shadow come into view.
Found Cauppoze's Armour Emporium.
You slash the shadow!
The shadow is severely damaged.
The steam dragon hisses angrily.
You hear an angry buzzing noise.
The shadow hits you!
A hornet comes into view.
The shadow misses you.
You slash the shadow!
You destroy the shadow!
Sif Muna accepts your kill. The steam dragon breathes steam at you.
The ball of steam hits you!
Casting: Sting (safe; 1% risk of failure)
Confirm with . or Enter, or press ? or * to list all spells.
Aiming: Mephitic Cloud (dangerous; 3% risk of failure)
Press: ? - help, Shift-Dir - straight line, f - steam dragon
Aim: a steam dragon (catching its breath, chance to affect: 81%)
The ball explodes into a vile cloud!
The stinking cloud engulfs the steam dragon but does no damage.
You are engulfed in a cloud of scalding steam.
The steam dragon is engulfed in noxious fumes.
The steam dragon appears confused.
You slash the steam dragon!
The steam dragon is moderately wounded.
You are engulfed in a cloud of scalding steam.
The steam dragon is engulfed in noxious fumes.
The steam dragon appears confused.
The steam dragon is engulfed in noxious fumes.
The steam dragon appears confused.
You block the steam dragon's attack. x2
The hornet closely misses you.
There is an open door, spattered with blood here.
Casting: Mephitic Cloud (dangerous; 3% risk of failure)
Confirm with . or Enter, or press ? or * to list all spells.
Aiming: Mephitic Cloud (dangerous; 3% risk of failure)
Press: ? - help, Shift-Dir - straight line, f - hornet, p - steam dragon
Aim: a hornet (chance to affect: 72%)
The ball explodes into a vile cloud!
The stinking cloud engulfs the hornet but does no damage.
The stinking cloud engulfs you but does no damage.
The hornet is engulfed in noxious fumes.
The hornet stings you.
The steam dragon is engulfed in noxious fumes.
The steam dragon completely misses you. The steam dragon closely misses you.
You strike the helpless steam dragon from behind!
You hit the steam dragon. You drain the steam dragon.
You put the steam dragon out of its misery!
You kill the steam dragon!
Sif Muna accepts your kill.
The hornet is engulfed in noxious fumes.
The hornet stings you but does no damage.
The hornet is engulfed in noxious fumes.
The hornet appears confused.
The hornet stings you!
You catch the helpless hornet completely off-guard!
You hit the hornet. You drain the hornet.
The hornet is lightly wounded.
The hornet is engulfed in noxious fumes.
The hornet appears confused.
The hornet closely misses you.
The hornet is engulfed in noxious fumes.
The hornet appears confused.
You hit the hornet. You drain the hornet.
You behead the hornet!
You kill the hornet!
Sif Muna accepts your kill.
As you close the door, it creaks loudly!
You start resting.
Magic restored.
You start resting.
HP restored.
You open the door.
There is an open door, spattered with blood here.
Found a scroll of poison.
There is an entrance to Cauppoze's Armour Emporium here.
Unknown command.
w - 2 scrolls of poison (gained 1)
You open the door.
There is an open door here.
As you open the door, it creaks loudly! 2 yaks come into view.
You hear a bellow!
The yak bellows! x2
A yak comes into view.
Casting: Mephitic Cloud (dangerous; 3% risk of failure)
Confirm with . or Enter, or press ? or * to list all spells.
Aiming: Mephitic Cloud (dangerous; 3% risk of failure)
Press: ? - help, Shift-Dir - straight line The ball explodes into a vile cloud!
The stinking cloud engulfs the yak but does no damage. x3
The yak is engulfed in noxious fumes.
The yak appears confused.
The yak gores itself!
The yak is engulfed in noxious fumes.
The yak appears confused.
The yak is engulfed in noxious fumes.
The yak appears confused.
You slash the yak! You drain the yak.
The yak is moderately wounded.
The yak closely misses you.
The yak is engulfed in noxious fumes.
The yak appears confused.
You slash the yak! You drain the yak.
The yak is almost dead.
The yak gores you.
The yak is engulfed in noxious fumes.
The yak appears confused.
The yak is engulfed in noxious fumes. x2
The yak appears confused.
The yak closely misses you.
You hit the yak but do no damage. You drain the yak.
The yak is almost dead.
Found 18 gold pieces.
The yak is engulfed in noxious fumes.
The yak appears confused.
The yak misses you.
The yak is engulfed in noxious fumes.
The yak appears confused.
The yak gores the yak.
There is an open door, spattered with blood here.
You slash the yak!
You kill the yak!
Sif Muna accepts your kill.
You slash the yak!
The yak is severely wounded.
The yak is engulfed in noxious fumes.
You slash the yak! You drain the yak.
You kill the yak!
Sif Muna accepts your kill.
You have reached level 11!
Aiming: Sting (safe; 1% risk of failure)
Press: ? - help, Q - select action, (/) - cycle Shift-Dir - straight line, f - yak
Aim: a yak (confused, 98% to hit)
The sting hits the yak.
The yak is poisoned.
The yak is lightly wounded.
Unknown command.
Aiming: Sting (safe; 1% risk of failure)
Press: ? - help, Q - select action, (/) - cycle Shift-Dir - straight line, f/p - yak
Aim: a yak (lightly wounded, confused, poisoned, 98% to hit)
The sting hits the yak.
The yak looks even sicker.
The yak is lightly wounded.
Unknown command.
You see here a yak corpse.
Aiming: Sting (safe; 1% risk of failure)
Press: ? - help, Q - select action, (/) - cycle Shift-Dir - straight line, f/p - yak
Aim: a yak (lightly wounded, confused, very poisoned, 98% to hit)
The sting hits the yak.
The yak looks even sicker.
The yak is moderately wounded.
Unknown command.
Aiming: Sting (safe; 1% risk of failure)
Press: ? - help, Q - select action, (/) - cycle Shift-Dir - straight line, f/p - yak
Aim: a yak (moderately wounded, confused, very poisoned, 98% to hit)
The sting hits the yak but does no damage.
The yak looks as sick as possible!
The yak is moderately wounded.
You slash the yak!
The yak is heavily wounded.
The yak seems less confused.
The yak barely misses you.
You hit the yak.
You behead the yak!
You kill the yak!
Sif Muna accepts your kill.
You see here a yak corpse.
You now have 567 gold pieces (gained 18).
Unknown command.
Okay, then.
Unknown command.
Magic restored.
You open the door.
There is an open door here.
You open the door.
There is an open door here.
There is an open door here.
There is an open door here.
There is an open door, spattered with blood here.
There is an open door here.
You open the door.
There is an open door here.
You open the door.
Found a scale mail.
There is an open door here.
Found a stone staircase leading down.
F - an amulet of the acrobat You start removing your amulet.
You continue taking off your amulet of reflection. x4
You finish taking off your amulet of reflection.
You start putting on your amulet.
You continue putting on your amulet of the acrobat. x5
You finish putting on your amulet of the acrobat.
You feel ready to tumble and roll out of harm's way.
F - an amulet of the acrobat (around neck)
t - 2 scrolls of torment (gained 1)
You open the door.
There is an open door here.
There is an open door here.
You open the door.
There is an open door here.
Found a fuming white potion.
Found a condenser vane.
Psyche the Insane Magess comes into view.
She is wielding a +4 dagger of chaos and wearing a +2 robe of positive energy.
Found a chain mail and 12 gold pieces.
There is an open door here.
There is an open door here.
There is an open door here.
You open the door.
There is an open door here.
Psyche shouts!
Psyche casts a spell.
A swirling arc of seething chaos appears!
The arc of chaos hits you but does no damage.
You resist.
Casting: Sting (safe; 1% risk of failure)
Confirm with . or Enter, or press ? or * to list all spells.
Aiming: Mephitic Cloud (mildly dangerous; 3% risk of failure)
Press: ? - help, Shift-Dir - straight line The ball explodes into a vile cloud!
The stinking cloud engulfs Psyche but does no damage.
Unknown command.
Psyche is engulfed in noxious fumes. x2; Psyche appears confused.
You slash Psyche! You drain Psyche.
Psyche is moderately wounded.
Psyche hits you with a +4 dagger of chaos.
You are electrocuted!
You slice Psyche!!
Psyche is severely wounded.
Psyche hits you with a +4 dagger of chaos.
You feel protected.
Psyche drinks a potion.
Psyche is healed!
Psyche seems less confused.
You closely miss Psyche.
Psyche is heavily wounded.
Psyche gestures at you while chanting.
You slash Psyche!
You behead Psyche!
You kill Psyche!
Sif Muna accepts your kill.
Items here: ! ) [ †.
Okay, then.
Unknown command.
You start resting.
Magic restored.
You now have 579 gold pieces (gained 12).
You see here a condenser vane.
G - a condenser vane You start to feel less resistant.
Your resistance to elements expires.
HP restored.
A basilisk comes into view.
A swamp drake comes into view.
The swamp drake roars!
The basilisk hisses angrily.
The swamp drake breathes poison at you.
The basilisk is engulfed in noxious fumes.
Casting: Mephitic Cloud (mildly dangerous; 3% risk of failure)
Confirm with . or Enter, or press ? or * to list all spells.
Aiming: Mephitic Cloud (mildly dangerous; 3% risk of failure)
Press: ? - help, Shift-Dir - straight line, f - basilisk
Aim: a basilisk (noxious fumes, chance to affect: 72%)
Okay, then.
You hit the basilisk. You drain the basilisk.
The basilisk is lightly wounded.
The basilisk is engulfed in noxious fumes.
The basilisk closely misses you.
You slash the basilisk! You drain the basilisk.
You put the basilisk out of its misery!
You kill the basilisk!
Sif Muna accepts your kill.
A komodo dragon comes into view.
You see here a basilisk corpse.
The swamp drake misses you.
The komodo dragon hisses angrily.
You slash the swamp drake!
You put the swamp drake out of its misery!
You kill the swamp drake!
Sif Muna accepts your kill.
Casting: Mephitic Cloud (mildly dangerous; 3% risk of failure)
Confirm with . or Enter, or press ? or * to list all spells.
Aiming: Mephitic Cloud (mildly dangerous; 3% risk of failure)
Press: ? - help, Shift-Dir - straight line, f - komodo dragon
Aim: a komodo dragon (chance to affect: 62%)
The ball explodes into a vile cloud!
The stinking cloud engulfs the komodo dragon but does no damage.
You hear an angry hiss.
The komodo dragon is engulfed in noxious fumes.
Casting: Mephitic Cloud (mildly dangerous; 3% risk of failure)
Confirm with . or Enter, or press ? or * to list all spells.
Aiming: Mephitic Cloud (mildly dangerous; 3% risk of failure)
Press: ? - help, Shift-Dir - straight line, f/p - komodo dragon
Aim: a komodo dragon (chance to affect: 62%)
The ball explodes into a vile cloud!
The stinking cloud engulfs the komodo dragon but does no damage.
The stinking cloud engulfs you but does no damage.
The komodo dragon is engulfed in noxious fumes.
The komodo dragon misses you.
You closely miss the komodo dragon.
A komodo dragon comes into view.
The komodo dragon is engulfed in noxious fumes.
The komodo dragon appears confused.
You strike the helpless komodo dragon from behind!
You hit the komodo dragon but do no damage.
You drain the komodo dragon.
The komodo dragon is lightly wounded.
The komodo dragon is engulfed in noxious fumes.
The komodo dragon appears confused.
The komodo dragon closely misses you.
You hit the komodo dragon.
The komodo dragon is lightly wounded.
The komodo dragon bites you!!
Casting: Mephitic Cloud (mildly dangerous; 3% risk of failure)
Confirm with . or Enter, or press ? or * to list all spells.
Aiming: Mephitic Cloud (mildly dangerous; 3% risk of failure)
Press: ? - help, Shift-Dir - straight line, p - komodo dragon The ball explodes into a vile cloud!
The stinking cloud engulfs you but does no damage.
The stinking cloud engulfs the komodo dragon but does no damage.
The komodo dragon bites you!!
Unknown command.
You hit the komodo dragon. You drain the komodo dragon.
The komodo dragon is moderately wounded.
The komodo dragon is engulfed in noxious fumes.
The komodo dragon bites you!!
* * * LOW HITPOINT WARNING * * *
The komodo dragon misses you.
The komodo dragon is engulfed in noxious fumes.
The komodo dragon barely misses you.
As you read the scroll of fear, it crumbles to dust.
You assume a fearsome visage.
The komodo dragon looks frightened!
The komodo dragon resists with some effort.
The komodo dragon completely misses you.
The komodo dragon is engulfed in noxious fumes.
The komodo dragon appears confused.
The komodo dragon bites you but does no damage.
The komodo dragon is engulfed in noxious fumes.
The komodo dragon appears confused.
Found a staircase to the Lair.
The komodo dragon is engulfed in noxious fumes.
The komodo dragon appears confused.
The komodo dragon seems less confused.
Found a scale mail and a scroll of torment.
You start resting.
A komodo dragon is nearby!
The komodo dragon hisses angrily.
Casting: Mephitic Cloud (mildly dangerous; 3% risk of failure)
Confirm with . or Enter, or press ? or * to list all spells.
Aiming: Mephitic Cloud (mildly dangerous; 3% risk of failure)
Press: ? - help, Shift-Dir - straight line, f - komodo dragon
Aim: a komodo dragon (chance to affect: 62%)
The ball explodes into a vile cloud!
The stinking cloud engulfs the komodo dragon but does no damage.
You hear an angry hiss.
The komodo dragon is engulfed in noxious fumes.
You slash the komodo dragon! You drain the komodo dragon.
The komodo dragon is moderately wounded.
The komodo dragon is engulfed in noxious fumes.
The komodo dragon appears confused.
The komodo dragon bites you.
* * * LOW HITPOINT WARNING * * *
The komodo dragon barely misses itself.
You slash the komodo dragon!
The komodo dragon is heavily wounded.
You catch the helpless komodo dragon completely off-guard!
You hit the komodo dragon.
The komodo dragon is severely wounded.
The komodo dragon bites you!
* * * LOW HITPOINT WARNING * * *
You hit the komodo dragon. You drain the komodo dragon.
You put the komodo dragon out of its misery!
You kill the komodo dragon!
Sif Muna accepts your kill.
Your Invocations skill increases to level 6!
You start resting.
A komodo dragon is nearby!
Casting: Mephitic Cloud (mildly dangerous; 3% risk of failure)
Confirm with . or Enter, or press ? or * to list all spells.
Aiming: Mephitic Cloud (mildly dangerous; 3% risk of failure)
Press: ? - help, Shift-Dir - straight line You miscast Mephitic Cloud.
You are very lightly contaminated with residual magic.
Nothing appears to happen.
The komodo dragon hisses angrily.
Casting: Mephitic Cloud (mildly dangerous; 3% risk of failure)
Confirm with . or Enter, or press ? or * to list all spells.
Aiming: Mephitic Cloud (mildly dangerous; 3% risk of failure)
Press: ? - help, Shift-Dir - straight line The ball explodes into a vile cloud!
The stinking cloud engulfs the komodo dragon but does no damage.
The komodo dragon is lightly wounded.
The komodo dragon is engulfed in noxious fumes.
Unknown command.
Casting: Mephitic Cloud (mildly dangerous; 3% risk of failure)
Confirm with . or Enter, or press ? or * to list all spells.
Aiming: Mephitic Cloud (mildly dangerous; 3% risk of failure)
Press: ? - help, Shift-Dir - straight line The ball explodes into a vile cloud!
The stinking cloud engulfs the komodo dragon but does no damage.
The komodo dragon is lightly wounded.
The stinking cloud engulfs you but does no damage.
The komodo dragon is engulfed in noxious fumes.
The komodo dragon bites you!!
You die...

Skill      XL: |  1  2  3  4  5  6  7  8  9 10 11 |
---------------+----------------------------------+-----
Transmutations | 1 2 3 |  3.0
Spellcasting   | 3 4 5 7 8 |  8.0
Stealth        | 2 3 5 |  5.0
Poison Magic   | 3 4 |  4.0
Air Magic      | 1 2 3 |  3.0
Conjurations   | 1 2 4 5 |  5.0
Fighting       | 2 5 7 |  7.7
Long Blades    | 3 5 |  5.7
Invocations    | 3 5 6 |  6.0
Dodging        | |  1.5

Action                     |  1- 3 |  4- 6 |  7- 9 | 10-12 || total
---------------------------+-------+-------+-------+-------++-------
  Melee: Unarmed           |    21 |       |       |       ||    21
         Flail             |    32 |     4 |       |       ||    36
         Hand axe          |     2 |       |       |       ||     2
         Punch             |     1 |       |     1 |       ||     2
         Long sword        |       |   104 |   171 |    97 ||   372
   Fire: Sling             |       |     1 |       |       ||     1
  Throw: Dart              |       |       |     2 |     2 ||     4
   Cast: Sting             |    42 |    35 |    21 |    16 ||   114
         Poisonous Vapours |       |     2 |     7 |       ||     9
         Mephitic Cloud    |       |       |    13 |    22 ||    35
  Evoke: Wand              |       |       |     3 |       ||     3
    Use: Scroll            |       |       |     9 |     2 ||    11
   Stab: Sleeping          |     5 |     7 |     7 |     1 ||    20
         Confused          |       |       |     2 |    10 ||    12
 Armour: Robe              |    12 |    24 |    27 |       ||    63
         Steam dragon scal |       |       |    22 |    18 ||    40
  Dodge: Dodged            |    39 |    72 |   124 |    59 ||   294
         Repelled          |       |       |     2 |       ||     2
  Block: Other             |       |       |       |     3 ||     3

Levels and vault maps discovered:
D:1:      dpeg_arrival_morbid_curiosity, layout_basic,
          chequers_serial_rivers_room_b
D:2:      cheibrodos_greedy_goblins, layout_basic,
          hellmonk_ecumenical_altar_blasted
D:3:      layout_loops_ring, grunt_temple_overflow_holy_war, minmay_misc_feat_x,
          minmay_snake_closets
D:4:      layout_basic
D:5:      layout_cave_pods, serial_park, serial_park_tiny_2, serial_park_paths
          [serial_park_minivault_5x5_1], serial_park_fountain,
          serial_park_tiny_pond, serial_shops, shop
D:6:      layout_cave_pools, minmay_temple_entry_offerings
D:7:      layout_loops_cross, serial_shops, kennysheep_mini_moat
D:8:      minmay_cornered_nines, layout_cave_pools, st_stairs_4, uniq_maggie
D:9:      gammafunk_beogh_shrine, layout_basic, uniq_erolcha
D:10:     layout_roguey, erik_lair_dragon, serial_shops, shop, uniq_psyche
Temple:   nicolae_temple_bog_church

Notes
Turn   | Place    | Note
-------+----------+-------------------------------------------
     0 | D:1      | scionoferis the Mummy Venom Mage began the quest for the
                  | Orb.
     0 | D:1      | Reached XP level 1. HP: 13/13 MP: 4/4
    70 | D:1      | Reached skill level 1 in Transmutations
   238 | D:1      | Reached XP level 2. HP: 19/19 MP: 3/5
   339 | D:1      | Learned a level 2 spell: Poisonous Vapours
   665 | D:1      | Reached skill level 3 in Spellcasting
   880 | D:1      | Gained mutation: You are in touch with the powers of death.
                  | [Mummy growth]
   880 | D:1      | Reached XP level 3. HP: 24/24 MP: 4/7
  1327 | D:2      | Learned a level 3 spell: Mephitic Cloud
  1398 | D:2      | Found a faded altar of an unknown god.
  1403 | D:1      | Reached skill level 2 in Stealth
  1403 | D:1      | Reached skill level 3 in Poison Magic
  1408 | D:1      | Reached XP level 4. HP: 10/30 MP: 5/8
  1571 | D:1      | Reached skill level 2 in Transmutations
  1658 | D:2      | Found the +7 Throatcutter {drain, coup de grace}
  2255 | D:3      | Found a basalt altar of Yredelemnul.
  2257 | D:3      | Noticed a profane servitor
  2266 | D:3      | Noticed an angel
  2280 | D:3      | Reached skill level 1 in Air Magic
  2280 | D:3      | Reached XP level 5. HP: 35/35 MP: 7/10
  2418 | D:3      | Reached skill level 1 in Conjurations
  2575 | D:2      | Reached XP level 6. HP: 16/41 MP: 9/11
  3539 | D:4      | Reached skill level 4 in Spellcasting
  3603 | D:4      | Reached skill level 3 in Transmutations
  3768 | D:4      | Reached skill level 2 in Air Magic
  3768 | D:4      | Reached skill level 4 in Poison Magic
  3768 | D:4      | Reached XP level 7. HP: 14/46 MP: 7/13
  4065 | D:5      | Entered Level 5 of the Dungeon
  4129 | D:5      | Reached skill level 3 in Stealth
  4166 | D:5      | Found Yrgheogha's Magic Scroll Shop.
  4170 | D:5      | Bought a scroll of fear for 48 gold pieces
  4170 | D:5      | Bought a scroll of identify for 24 gold pieces
  4170 | D:5      | Bought a scroll of identify for 24 gold pieces
  4170 | D:5      | Bought a scroll of vulnerability for 48 gold pieces
  4175 | D:5      | Identified a scroll of acquirement
  4397 | D:5      | Reached skill level 2 in Conjurations
  4770 | D:6      | Reached skill level 5 in Spellcasting
  4802 | D:6      | Reached skill level 3 in Air Magic
  4802 | D:6      | Reached XP level 8. HP: 52/52 MP: 11/15
  4876 | D:6      | Reached skill level 4 in Stealth
  4876 | D:6      | Reached skill level 3 in Conjurations
  5096 | D:6      | Reached skill level 6 in Spellcasting
  5184 | D:6      | Found a staircase to the Ecumenical Temple.
  5202 | Temple   | Entered the Ecumenical Temple
  5360 | Temple   | Became a worshipper of Sif Muna the Loreminder
  5865 | D:6      | Reached skill level 4 in Conjurations
  6157 | D:7      | Reached skill level 1 in Fighting
  6197 | D:7      | Reached skill level 5 in Stealth
  6221 | D:7      | Reached skill level 7 in Spellcasting
  6245 | D:7      | Reached skill level 2 in Fighting
  6299 | D:7      | Reached XP level 9. HP: 34/61 MP: 15/19
  6300 | D:7      | Reached * piety under Sif Muna
  6626 | D:7      | Found Erig's Distillery.
  6844 | D:7      | Reached skill level 3 in Fighting
  7358 | D:8      | Reached skill level 1 in Long Blades
  7358 | D:8      | Reached skill level 5 in Conjurations
  7416 | D:8      | Reached skill level 8 in Spellcasting
  7544 | D:8      | Noticed a troll
  7554 | D:8      | Killed a troll
  7555 | D:8      | Reached skill level 4 in Fighting
  7555 | D:8      | Reached skill level 2 in Long Blades
  7555 | D:8      | Reached skill level 1 in Invocations
  7562 | D:8      | Noticed Maggie
  7573 | D:8      | Maggie changed into Maggie the tengu
  7573 | D:8      | Noticed Maggie
  7577 | D:8      | Killed Maggie the tengu
  7666 | D:8      | Identified the ring of Eternity {rC+ SInv}
  7747 | D:8      | Reached skill level 2 in Invocations
  7756 | D:8      | Noticed a cyclops
  7777 | D:8      | Killed a cyclops
  7778 | D:8      | Reached skill level 5 in Fighting
  7778 | D:8      | Reached skill level 3 in Long Blades
  7912 | D:8      | Reached skill level 3 in Invocations
  7920 | D:8      | Reached XP level 10. HP: 44/74 MP: 14/22
  7920 | D:8      | Reached ** piety under Sif Muna
  8182 | D:9      | Found a transporter.
  8242 | D:9      | Found a transporter.
  8393 | D:9      | Noticed a two-headed ogre
  8411 | D:9      | Killed a two-headed ogre
  8537 | D:9      | Reached skill level 4 in Invocations
  8545 | D:9      | Reached skill level 4 in Long Blades
  8552 | D:9      | Reached skill level 6 in Fighting
  8556 | D:9      | Noticed Erolcha
  9096 | D:9      | Killed Erolcha
  9315 | D:10     | Entered Level 10 of the Dungeon
  9632 | D:10     | Reached skill level 5 in Invocations
  9749 | D:10     | Reached skill level 7 in Fighting
  9749 | D:10     | Reached skill level 5 in Long Blades
  9958 | D:10     | Found Cauppoze's Armour Emporium.
 10125 | D:10     | Reached XP level 11. HP: 80/84 MP: 20/23
 10246 | D:10     | Noticed Psyche
 10289 | D:10     | Killed Psyche
 10415 | D:10     | Found a staircase to the Lair.
 10451 | D:10     | Reached skill level 6 in Invocations
 10468 | D:10     | Mangled by a komodo dragon

Vanquished Creatures
  Erolcha (D:9)
  A two-headed ogre (D:9)
  A cyclops (D:8)
  Psyche (D:10)
  A komodo dragon (D:10)
  2 trolls (D:8 D:10)
  2 hornets (D:9 D:10)
  2 shadows (D:8 D:10)
  6 yaks (D:10)
  4 wyverns (D:7 D:8 D:9)
  A basilisk (D:10)
  3 steam dragons (D:6 D:7 D:10)
  An acid dragon (D:8)
  5 water moccasins (D:5 D:6 D:7 D:8)
  A swamp drake (D:10)
  A black bear (D:4)
  A sky beast (D:6)
  2 ogres (D:6)
  A tengu (D:8)
  3 centaurs (D:7 D:8 D:10)
  3 kobold brigands (D:6 D:7 D:9)
  2 bullfrogs (D:7 D:8)
  A gnoll sergeant (D:6)
  4 scorpions (D:3 D:4 D:6)
  3 wights (D:9)
  7 killer bees (D:10)
  2 howler monkeys (D:5 D:7)
  2 hounds (D:4 D:5)
  A jelly (D:4)
  3 orc priests (D:6 D:9)
  A sleepcap (D:8)
  A gnoll bouda (D:8)
  6 orc wizards (D:6 D:8 D:9)
  17 gnolls (D:1 D:3 D:6 D:8)
  16 adders (D:2 D:3 D:4 D:5 D:6)
  A shadow imp (D:6)
  A white imp (D:8)
  2 ufetubi (D:6 D:7)
  A worm (D:3)
  3 dart slugs (D:1 D:2)
  35 orcs (D:2 D:3 D:4 D:6 D:7)
  4 endoplasms (D:1 D:3 D:4)
  8 giant cockroaches (D:1 D:3 D:4)
  12 goblins (D:1 D:2 D:3 D:4)
  13 hobgoblins (D:1 D:2 D:4)
  6 jackals (D:1 D:4)
  6 quokkas (D:1 D:2)
  10 ball pythons (D:1 D:2 D:3)
  2 bats (D:1 D:2)
  5 frilled lizards (D:1 D:2 D:3)
  20 kobolds (D:1 D:2 D:4 D:6 D:7)
  3 rats (D:1)
241 creatures vanquished.

Vanquished Creatures (collateral kills)
  A killer bee (D:10)
1 creature vanquished.

Grand Total: 242 creatures vanquished

Table legend: (Time is in decaauts)
 A = Elapsed time spent in this place.
 B = Non-inter-level travel time spent in this place.
 C = Inter-level travel time spent in this place.
 D = Time resting spent in this place.
 E = Time spent auto-exploring this place.
 F = Levels seen in this place.
 G = Mean time per level.
                   A        B        C        D        E       F      G
               +--------+--------+--------+--------+--------+-----+--------+
         Total |  10619 |  10138 |    481 |   2235 |   5807 |  11 |  965.4 |
       Dungeon |  10431 |   9970 |    461 |   2235 |   5661 |  10 | 1043.1 |
        Temple |    187 |    167 |     20 |      0 |    146 |   1 |  187.0 |
               +--------+--------+--------+--------+--------+-----+--------+

Top non-repeatable levels by time:
     D:1: 1462 daAuts
     D:8: 1212 daAuts
    D:10: 1159 daAuts
     D:5: 1134 daAuts
     D:7: 1115 daAuts
     D:3: 976 daAuts
     D:6: 870 daAuts
     D:2: 869 daAuts
     D:4: 815 daAuts
     D:9: 815 daAuts
  Temple: 187 daAuts

Table legend:
 A = Non-vault XP
 B = Vault XP
 C = Vault XP percentage of total XP
 D = Non-vault monster count
 E = Vault monster count
 F = Vault count percentage of total count
                 A         B        C        D         E       F
            +---------+---------+-------+---------+---------+-------
      Total |    9014 |    3312 |  26.9 |     205 |      37 |  15.3
            +---------+---------+-------+---------+---------+-------
        D:1 |     101 |       7 |   6.5 |      27 |       4 |  12.9
        D:2 |      50 |      20 |  28.6 |      18 |      10 |  35.7
        D:3 |     219 |      89 |  28.9 |      24 |      12 |  33.3
        D:4 |     351 |       0 |   0.0 |      21 |       0 |   0.0
        D:5 |     265 |       0 |   0.0 |       5 |       0 |   0.0
        D:6 |    1287 |       0 |   0.0 |      30 |       0 |   0.0
        D:7 |    1061 |       0 |   0.0 |      23 |       0 |   0.0
        D:8 |     904 |    1214 |  57.3 |      16 |       6 |  27.3
        D:9 |    1985 |     871 |  30.5 |      22 |       1 |   4.3
       D:10 |    2791 |    1111 |  28.5 |      19 |       4 |  17.4
            +---------+---------+-------+---------+---------+-------
